 Dungeon Crawl Stone Soup version 0.25-a0-544-gee0576305d (webtiles) character file.

Game seed: 17158599956841442099, levelgen mode: classic

41325 EnegeticOcto the Cleaver (level 13, -1/127 HPs)
             Began as a Deep Dwarf Fighter on Feb 20, 2020.
             Was the Champion of Makhleb.
             Slain by a troll (2 damage)
             ... on level 13 of the Dungeon.
             The game lasted 00:11:17 (10909 turns).

EnegeticOcto the Cleaver (Deep Dwarf Fighter)      Turns: 10909, Time: 00:11:18

Health: -1/127     AC: 21    Str: 25    XL:     13   Next: 79%
Magic:  0/0        EV:  7    Int:  5    God:    Makhleb [******]
Gold:   1343       SH: 29    Dex: 12    Spells: 12/12 levels left

rFire    . . .     SeeInvis .   a - +0 broad axe
rCold    . . .     Gourm    .   H - +10 tower shield of Ignorance {rN+ Int-4}
rNeg     + . .     Faith    .   p - +0 plate armour
rPois    +         Spirit   .   g - +1 helmet
rElec    .         Reflect  .   G - +0 cloak
rCorr    .         Harm     .   d - +0 pair of gloves
MR       +....                  (no boots)
Stlth    ..........             (no amulet)
HPRegen  0.00/turn              M - ring of poison resistance
MPRegen  0.07/turn              N - +2 ring of protection

@: non-regenerating
A: damage resistance, heal wounds, sense surroundings 2, no regeneration
a: Heal Wounds, Minor Destruction, Lesser Servant of Makhleb, Major Destruction,
Greater Servant of Makhleb, Renounce Religion


You were on level 13 of the Dungeon.
You worshipped Makhleb.
Makhleb was exalted by your worship.
You were not hungry.

You visited 3 branches of the dungeon, and saw 16 of its levels.
You also visited: Sewer and Bailey.

You collected 1405 gold pieces.
You spent 62 gold pieces at shops.

Inventory:

Hand Weapons
 a - a +0 broad axe (weapon)
Armour
 d - a +0 pair of gloves (worn)
 g - a +1 helmet (worn)
 p - a +0 plate armour (worn)
 G - a +0 cloak (worn)
 H - the +10 tower shield of Ignorance (worn) {rN+ Int-4}
   (You found it on level 7 of the Dungeon)

   It affects your intelligence (-4).
   It protects you from negative energy.
Jewellery
 E - an uncursed ring of resist corrosion
 M - a ring of poison resistance (left hand)
 N - a +2 ring of protection (right hand)
Wands
 c - a wand of paralysis (11)
 l - a wand of digging (11) {@v2}
 m - a wand of iceblast (6)
 q - a wand of flame (57)
 u - a wand of disintegration (12)
Scrolls
 f - 5 scrolls of teleportation {@r2}
 s - a scroll of fear
 v - 5 scrolls of magic mapping {@r5}
 w - 3 scrolls of fog
 x - a scroll of enchant weapon
 y - 3 scrolls of enchant armour
 z - a scroll of holy word
 I - 2 scrolls of summoning
 J - 7 scrolls of immolation {@r4}
 K - 2 scrolls of vulnerability
 L - a scroll of identify {@r1}
Potions
 b - 4 potions of heal wounds {@q2}
 h - 5 potions of degeneration
 i - 2 potions of lignification {unknown}
 j - 2 potions of stabbing {@q5}
 k - 3 potions of might {@q3}
 n - 4 potions of haste {@q4}
 o - 2 potions of ambrosia
 r - 2 potions of berserk rage
 t - a potion of magic {unknown}
 A - 2 potions of invisibility {unknown}
 B - 5 potions of flight
 C - 4 potions of curing {@q1}
 F - a potion of brilliance
Comestibles
 e - 17 rations


   Skills:
 * Level 11.2 Fighting
 * Level 12.8 Axes
 + Level 10.0 Armour
 - Level 6.3 Dodging
 * Level 11.6 Shields
 * Level 12.8 Invocations


You had 12 spell levels left.
You didn't know any spells.
Your spell library was empty.

Dungeon Overview and Level Annotations

Branches:
Dungeon (13/15)            Temple (1/1) D:6            Lair (0/6) D:10
    Orc (2/2) D:12            Elf (0/3) Orc:2        Vaults (0/5) D:13
  Sewer (visited)          Bailey (visited)

Altars:
Ashenzari
Cheibriados
Dithmenos
Elyvilon
Fedhas
Gozag
Kikubaaqudgha
Makhleb
Nemelex Xobeh
Okawaru
Qazlal
Ru
Sif Muna
Trog
Uskayaw
Vehumet
Wu Jian
Xom
Yredelemnul
Zin
The Shining One

Shops:
D:7 [   Orc:2 [:%*

Annotations:
D:3 1 runed translucent door, EtherCrawl's ghost, amateur SpBe
D:7 1 runed translucent door, exclusion: orange crystal statue
D:9 exclusion: statue


Innate Abilities, Weirdness & Mutations

You are resistant to damage.
You can heal yourself by infusing magical energy.
You passively map the area around you.
You do not regenerate.


Message History

You hit the two-headed ogre but do no damage.
The two-headed ogre is heavily wounded.
You hit the two-headed ogre. You closely miss the troll.
Your ufetubus misses the troll.
Your ufetubus barely misses the troll.
You block the troll's attack. x3; You block the two-headed ogre's attack. x2
Your ynoxinul gestures. x2
Your ufetubus hits the iron dragon but does no damage.
Your ufetubus hits the iron dragon. You slash the two-headed ogre!
The two-headed ogre is almost dead.
You hit the iron dragon but do no damage.
You slash the two-headed ogre!
Your ufetubus hits the iron dragon but does no damage. x2
You block the two-headed ogre's attack.
The two-headed ogre hits you with a +0 giant club!
* * * LOW HITPOINT WARNING * * *
Your ynoxinul gestures.
Your ufetubus hits the iron dragon but does no damage. x2
Your ynoxinul hits the two-headed ogre.
The two-headed ogre hits your ynoxinul with a +0 giant spiked club!
The two-headed ogre hits your ynoxinul with a +0 giant club!
Your ufetubus completely misses the iron dragon.
Your ufetubus hits the iron dragon but does no damage.
You hit the two-headed ogre.
You kill the two-headed ogre!
Makhleb accepts your kill.
You feel better.
You hit the iron dragon but do no damage.
You hit the two-headed ogre. Your ufetubus hits the iron dragon.
Your ufetubus hits the iron dragon but does no damage.
Your ynoxinul gestures at the two-headed ogre.
The iron shot misses the iron dragon.
The iron shot hits the two-headed ogre!
The two-headed ogre dies!
Makhleb accepts your kill.
Your ufetubus hits the iron dragon but does no damage.
Your ufetubus completely misses the iron dragon.
You block the iron dragon's attack. The iron dragon barely misses you.
You block the iron dragon's attack.
You swap places.
Your ufetubus hits the iron dragon but does no damage.
Your ufetubus hits the iron dragon.
Your ufetubus hits the iron dragon but does no damage.
Your ufetubus barely misses the iron dragon.
The troll completely misses your ufetubus.
The troll barely misses your ufetubus. The troll claws your ufetubus!
Your ufetubus dies!
Your ynoxinul hits the iron dragon but does no damage.
Your ufetubus barely misses the iron dragon.
Your ufetubus hits the iron dragon but does no damage.
Your ynoxinul hits the iron dragon.
The iron dragon breathes metal splinters at you.
The spray of metal splinters hits your ynoxinul!!!
Your ynoxinul dies!
Your ufetubus disappears in a puff of smoke! x5
The spray of metal splinters hits you!!
* * * LOW HITPOINT WARNING * * *
Your ynoxinul hits the iron dragon but does no damage.
Your ufetubus barely misses the iron dragon. x2
Your ufetubus barely misses the two-headed ogre.
Your ufetubus hits the two-headed ogre.
Your ufetubus completely misses the two-headed ogre.
Your ufetubus hits the two-headed ogre. The iron dragon bites your ynoxinul!!
The iron dragon claws your ynoxinul.
The iron dragon barely misses your ynoxinul.
Your ufetubus hits the iron dragon.
Your ufetubus hits the iron dragon but does no damage.
Your ufetubus hits the two-headed ogre. x2
Your ufetubus barely misses the two-headed ogre.
Your ufetubus hits the two-headed ogre.
Your ynoxinul barely misses the two-headed ogre.
The two-headed ogre closely misses your ufetubus.
The two-headed ogre barely misses your ufetubus.
Your ufetubus hits the iron dragon but does no damage. x2
Your ufetubus hits the two-headed ogre. x2
The two-headed ogre dies!
Makhleb accepts your kill.
Your Armour skill increases to level 10!
You block the troll's attack. x2; The troll claws you but does no damage.
The iron dragon breathes metal splinters at your ufetubus.
The spray of metal splinters hits your ufetubus!!
Your ufetubus dies!
Your ynoxinul gestures.
The two-headed ogre closely misses your ufetubus. x2
Your ufetubus barely misses the iron dragon.
Your ufetubus hits the iron dragon but does no damage.
The iron dragon roars deafeningly!
Your ufetubus barely misses the iron dragon.
Your ufetubus hits the iron dragon but does no damage. x3
You block the troll's attack. x2; The troll claws you but does no damage.
Your ufetubus hits the iron dragon but does no damage.
Your ufetubus hits the iron dragon.
Your ufetubus closely misses the troll.
Your ufetubus hits the troll but does no damage.
Your ynoxinul gestures.
Your ufetubus hits the iron dragon but does no damage. x2
The iron dragon bites your ynoxinul!
Your ynoxinul dies!
Your ufetubus disappears in a puff of smoke! x6
You block the troll's attack. x2; The troll claws you but does no damage.
The troll bites you.
You die...

.........#...#.#:#.#...#.# #.#.
...............|.|.......#####[#.
.......#.#...#.#)#.#..)#.......#.
.........##...........##.#....)..
.##.########.#§#§#.#.###.#.......
+........#*#.§..§§)## #.#...##..
##.##.##.# ##.§D)§## #.+.......
###.##... ##.OT## ###.......
....##.### ##@## #.......
.....[)# #.# #......# .......#
#..,, , ##.....# ###....# * ###.,
, * #.....# ..#+##.#,* * .., *
#.....# ..#....# , , ,.. ,
#.....# ..#.##.#...,, *#+#
#...... #'#........ * * ** #.....
....##.#.##* * , , ,


You could see an iron dragon, a two-headed ogre and a troll.

Vanquished Creatures
  A stone giant (Orc:2)
  Erica (D:8)
  6 two-headed ogres
  A tengu warrior (D:13)
  An orc high priest (Orc:2)
  A deep elf knight (Bailey)
  4 skeletal warriors (D:12)
  A wizard (D:13)
  Pikel (D:4)
  An orc knight (Orc:2)
  An orc sorcerer (Orc:2)
  11 deep elf magi
  Maurice (D:8)
  2 ugly things
  A cyclops (D:12)
  Maggie (D:7)
  Joseph (D:8)
  3 kobold demonologists (D:13)
  A tengu conjurer (D:13)
  8 trolls
  6 slime creatures (D:13)
  2 hippogriffs
  Sigmund (D:3)
  A shadow (D:12)
  3 hogs (D:7)
  A human (D:7)
  2 wraiths
  10 yaks
  3 vampire mosquitoes (D:12)
  4 wargs
  2 soldier ants (D:12)
  An acid dragon (D:11)
  A water moccasin (D:4)
  40 orc warriors
  2 slaves (D:4)
  2 eyes of draining
  6 ice beasts
  4 sky beasts
  A black bear (D:8)
  A necrophage (D:6)
  4 ogres
  2 phantoms
  A crocodile (D:7)
  18 centaurs
  8 big kobolds
  12 bullfrogs
  2 gnoll sergeants
  6 scorpions
  14 killer bees
  4 howler monkeys
  An electric eel (D:11)
  6 crimson imps
  A centaur zombie (D:7)
  2 centaur skeletons
  8 hounds
  5 jellies
  A quasit (D:11)
  24 orc priests
  3 bullfrog skeletons
  Terence (D:2)
  Jessica (D:2)
  Ijyb (D:3)
  10 iguanas
  6 worker ants
  22 orc wizards
  Robin (D:2)
  17 gnolls
  2 howler monkey skeletons
  13 adders
  6 river rats (Sewer)
  2 shadow imps
  A dart slug (D:1)
  3 leopard geckos
  108 orcs
  3 bats
  4 giant cockroaches
  16 goblins
  6 hobgoblins
  6 jackals
  3 quokkas
  4 ball pythons
  10 frilled lizards
  A jackal zombie (D:8)
  27 kobolds
  A leopard gecko skeleton (D:5)
  2 quokka zombies
  13 rats
  A plant (D:11)
554 creatures vanquished.

Vanquished Creatures (collateral kills)
  Snorg (D:11)
  3 two-headed ogres
  An orc knight (Orc:2)
  A manticore (D:11)
  A shadow (D:11)
  4 orc warriors
  2 centaurs (Orc:2)
  A scorpion (D:11)
  An orc wizard (D:11)
  An orc priest (Orc:2)
  A howler monkey zombie (D:11)
  An orc (Orc:2)
18 creatures vanquished.

Vanquished Creatures (others)
  A hound (D:4)
  2 orc wizards
  A plant (D:11)
4 creatures vanquished.

Grand Total: 576 creatures vanquished

Notes
Turn   | Place    | Note
-------+----------+-------------------------------------------
     0 | D:1      | EnegeticOcto the Deep Dwarf Fighter began the quest for the
                  | Orb.
     0 | D:1      | Reached XP level 1. HP: 20/20 MP: 1/1
    73 | D:2      | Reached XP level 2. HP: 27/27 MP: 2/2
    84 | D:2      | Noticed Robin
    92 | D:2      | Killed Robin
    92 | D:2      | Reached XP level 3. HP: 28/34 MP: 3/3
   162 | D:2      | Noticed Terence
   175 | D:2      | Killed Terence
   175 | D:2      | Reached skill level 1 in Dodging
   221 | D:2      | Found a stormy altar of Qazlal.
   441 | D:2      | Found a bloodstained altar of Trog.
   441 | D:2      | Noticed Jessica
   445 | D:2      | Killed Jessica
   445 | D:2      | Reached XP level 4. HP: 30/42 MP: 4/4
   730 | D:3      | Found a shimmering blue altar of Sif Muna.
   802 | D:3      | Reached XP level 5. HP: 38/49 MP: 5/5
   825 | D:3      | Found a runed translucent door.
   825 | D:3      | Noticed EtherCrawl's ghost (amateur SpBe)
   895 | D:3      | Found a shattered altar of Ashenzari.
   903 | D:3      | Noticed Ijyb
   930 | D:3      | Killed Ijyb
   936 | D:3      | Found a sacrificial altar of Ru.
  1015 | D:3      | Noticed Sigmund
  1032 | D:3      | Killed Sigmund
  1032 | D:3      | Reached XP level 6. HP: 49/57 MP: 6/6
  1056 | D:4      | Noticed a water moccasin
  1058 | D:4      | Noticed a slave
  1065 | D:4      | Killed a water moccasin
  1069 | D:4      | Killed a slave
  1081 | D:4      | Noticed Pikel
  1082 | D:4      | Noticed a slave
  1082 | D:4      | Noticed a slave
  1083 | D:4      | Noticed a slave
  1092 | D:4      | Killed a slave
  1130 | D:4      | Killed Pikel
  1130 | D:4      | Reached skill level 5 in Fighting
  1130 | D:4      | Reached skill level 5 in Axes
  1130 | D:4      | Reached skill level 5 in Armour
  1130 | D:4      | Reached XP level 7. HP: 38/67 MP: 5/5
  1198 | D:4      | Found an iron altar of Okawaru.
  1198 | D:4      | Found an opulent altar of Gozag.
  1200 | D:4      | Found a blossoming altar of Fedhas.
  1203 | D:4      | Found a glowing silver altar of Zin.
  1301 | D:4      | Reached skill level 5 in Shields
  1301 | D:4      | Reached XP level 8. HP: 69/74 MP: 6/6
  1305 | D:4      | Found a hide-covered altar of Uskayaw.
  1387 | D:4      | Found a glowing drain.
  1413 | Sewer    | Entered a sewer
  2101 | D:5      | Entered Level 5 of the Dungeon
  2744 | D:6      | Found a staircase to the Ecumenical Temple.
  2750 | Temple   | Entered the Ecumenical Temple
  2839 | Temple   | Became a worshipper of Makhleb the Destroyer
  2914 | D:6      | Reached skill level 1 in Invocations
  2920 | D:6      | Gained mutation: You passively map the area around you.
                  | [Deep Dwarf growth]
  2920 | D:6      | Reached XP level 9. HP: 68/84 MP: 4/6
  3035 | D:6      | Reached * piety under Makhleb
  3366 | D:6      | Reached skill level 5 in Dodging
  3760 | D:7      | Reached ** piety under Makhleb
  3785 | D:7      | Noticed Maggie
  3809 | D:7      | Killed Maggie
  3809 | D:7      | Reached skill level 5 in Invocations
  3809 | D:7      | Reached XP level 10. HP: 72/94 MP: 5/5
  4133 | D:7      | Found the +10 tower shield of Ignorance {rN+ Int-4}
  4138 | D:7      | Found a runed translucent door.
  4159 | D:7      | Found a runed translucent door.
  4159 | D:7      | Noticed an orange crystal statue
  4278 | D:7      | Found Qeud's Armour Emporium.
  4533 | D:8      | Noticed Maurice
  4636 | D:8      | Noticed Joseph
  4658 | D:8      | Killed Joseph
  4776 | D:8      | Killed Maurice
  4784 | D:8      | Reached *** piety under Makhleb
  4931 | D:8      | Found a shadowy altar of Dithmenos.
  4931 | D:8      | Noticed Erica
  4948 | D:8      | Killed Erica
  5318 | D:8      | Found a snail-covered altar of Cheibriados.
  5488 | D:9      | Found a flagged portal.
  5501 | Bailey   | Entered a bailey
  5509 | Bailey   | Noticed a deep elf mage
  5534 | Bailey   | Killed a deep elf mage
  5534 | Bailey   | Reached XP level 11. HP: 104/104 MP: 5/5
  5546 | Bailey   | Noticed a deep elf mage
  5547 | Bailey   | Noticed a deep elf mage
  5547 | Bailey   | Noticed a deep elf mage
  5547 | Bailey   | Noticed a deep elf mage
  5547 | Bailey   | Noticed a deep elf mage
  5547 | Bailey   | Noticed a deep elf mage
  5577 | Bailey   | Killed a deep elf mage
  5587 | Bailey   | Killed a deep elf mage
  5603 | Bailey   | Killed a deep elf mage
  5623 | Bailey   | Killed a deep elf mage
  5636 | Bailey   | Killed a deep elf mage
  5676 | Bailey   | Killed a deep elf mage
  5676 | Bailey   | Reached **** piety under Makhleb
  5676 | Bailey   | Reached skill level 10 in Axes
  5726 | Bailey   | Noticed a deep elf mage
  5726 | Bailey   | Noticed a deep elf mage
  5726 | Bailey   | Noticed a deep elf mage
  5742 | Bailey   | Killed a deep elf mage
  5749 | Bailey   | Killed a deep elf mage
  5756 | Bailey   | Killed a deep elf mage
  5787 | Bailey   | Noticed a deep elf knight
  5801 | Bailey   | Killed a deep elf knight
  5985 | D:9      | Found an ornate altar of the Wu Jian Council.
  6171 | D:9      | Found a radiant altar of Vehumet.
  6364 | D:9      | Found a sparkling altar of Nemelex Xobeh.
  6676 | D:10     | Entered Level 10 of the Dungeon
  6964 | D:10     | Found a staircase to the Lair.
  7435 | D:11     | Noticed a two-headed ogre
  7439 | D:11     | Noticed a two-headed ogre
  7444 | D:11     | Reached ***** piety under Makhleb
  7455 | D:11     | Killed a two-headed ogre
  7461 | D:11     | Noticed Snorg
  7468 | D:11     | Killed a two-headed ogre
  7468 | D:11     | Reached XP level 12. HP: 62/115 MP: 2/2
  7487 | D:11     | Reached skill level 10 in Invocations
  7494 | D:11     | Killed Snorg
  7627 | D:11     | Noticed a two-headed ogre
  7639 | D:11     | Killed a two-headed ogre
  8450 | D:12     | Reached skill level 10 in Fighting
  8728 | D:12     | Reached skill level 10 in Shields
  8797 | D:12     | Found a staircase to the Orcish Mines.
  8816 | D:12     | Noticed a two-headed ogre
  8830 | D:12     | Killed a two-headed ogre
  8842 | Orc:1    | Entered Level 1 of the Orcish Mines
  9093 | Orc:2    | Entered Level 2 of the Orcish Mines
  9191 | Orc:2    | Found a staircase to the Elven Halls.
  9210 | Orc:2    | Noticed a stone giant
  9231 | Orc:2    | Killed a stone giant
  9231 | Orc:2    | Reached XP level 13. HP: 124/124 MP: 3/3
  9387 | Orc:2    | Reached ****** piety under Makhleb
  9619 | Orc:2    | Found Kakkeli's Book Emporium.
  9619 | Orc:2    | Found Piet's Food Shop.
  9621 | Orc:2    | Found Saibbinor's Assorted Antiques.
  9624 | Orc:2    | Found Osyameptih's Antique Armour Shoppe.
  9631 | Orc:2    | Bought a ring of protection for 62 gold pieces
 10511 | D:13     | Found a gate to the Vaults.
 10874 | D:13     | Noticed an iron dragon
 10875 | D:13     | Found the +6 shillelagh "Devastator" {shatter}
 10903 | D:13     | HP: 1/127 [iron dragon/spray of metal splinters (26)]
 10906 | D:13     | Reached skill level 10 in Armour
 10909 | D:13     | Slain by a troll

Levels and vault maps discovered:
D:1:      minmay_arrival_up_and_down, layout_loops_corners
D:2:      layout_basic, lightli_temple_of_fire, lemuel_doored_altar,
          first_ration, uniq_robin, uniq_terence, uniq_jessica
D:3:      layout_loops_cross, led_sif_pool, cheibrodos_ashenzari_chains,
          overflow_temple_1_default, gammafunk_ghost_grave, uniq_sigmund,
          uniq_ijyb
D:4:      layout_cave_pools, grunt_temple_overflow_open, gup_sewer_entry_glass,
          uniq_pikel
D:5:      layout_cave_pools, serial_bayou, serial_bayou_pond_d,
          serial_bayou_shore_a, serial_bayou_pond_b, serial_bayou_lake_a,
          serial_bayou_crossing, serial_bayou_pond_c
D:6:      layout_cave_pools, minmay_temple_entry_tees, minmay_misc_feat_square,
          minmay_misc_feat_x
D:7:      layout_basic, serial_shops, shop, grunt_livestock,
          chequers_guarded_unrand_ignorance, uniq_maggie
D:8:      layout_basic, nicolae_dithmenos_shadow_blocks, basic_altar,
          grunt_ministairs_3, uniq_joseph, uniq_erica, uniq_maurice
D:9:      layout_stronghold, kennysheep_mini, vehumet_statue, enter_bailey_3,
          serial_bayou, serial_bayou_shore_b, serial_bayou_pond_e,
          serial_bayou_pond_d, serial_bayou_pond_e, nemelex_altar_shiori
D:10:     layout_loops_cross, erik_lair_orcish_takeover
D:11:     layout_rooms, serial_bayou, serial_bayou_lagoon_a,
          serial_bayou_pond_a, serial_bayou_shore_b, serial_bayou_shore_b,
          uniq_snorg
D:12:     layout_basic, orc_0_dummy
D:13:     minmay_roctagon, layout_basic, david_vaults_1
Temple:   grunt_temple_mini_profane
Orc:1:    layout_diamond_mine
Orc:2:    st_orc_rangers, layout_caves

Skill      XL: |  1  2  3  4  5  6  7  8  9 10 11 12 13 |
---------------+----------------------------------------+-----
Fighting       | 3 4 5 6 7 8 9 10 11 | 11.2
Axes           | 3 4 5 7 8 9 10 11 12 | 12.8
Dodging        | 1 2 3 4 5 6 |  6.3
Armour         | 4 5 6 7 8 9 10 | 10.0
Shields        | 4 5 6 7 9 10 11 | 11.6
Invocations    | 1 5 7 9 11 12 | 12.8

Action                   |  1- 3 |  4- 6 |  7- 9 | 10-12 | 13-15 || total
-------------------------+-------+-------+-------+-------+-------++-------
Melee: War axe           |    58 |   197 |   472 |  1208 |   109 ||  2044
       Broad axe         |       |       |       |       |   233 ||   233
Invok: Lesser Servant of |       |       |       |     6 |     7 ||    13
 Abil: Heal Wounds       |     1 |    14 |    20 |    30 |    13 ||    78
Evoke: Wand              |       |     3 |       |     6 |       ||     9
  Use: Scroll            |       |       |    14 |    15 |     2 ||    31
       Potion            |       |       |       |     1 |     1 ||     2
  Eat: Chunk             |       |     1 |    10 |    17 |     3 ||    31
       Ration            |       |       |       |     1 |     1 ||     2
Armor: Scale mail        |    22 |    80 |   165 |       |       ||   267
       Plate armour      |       |       |    74 |   488 |   200 ||   762
Dodge: Dodged            |    13 |    65 |   220 |   243 |    93 ||   634
Block: Kite shield       |    29 |   123 |   316 |   141 |       ||   609
       Tower shield      |       |       |       |  1402 |   673 ||  2075

Table legend:
 A = Non-vault XP
 B = Vault XP
 C = Vault XP percentage of total XP
 D = Non-vault monster count
 E = Vault monster count
 F = Vault count percentage of total count
                 A         B        C        D         E       F
            +---------+---------+-------+---------+---------+-------
      Total |   36523 |   22513 |  38.1 |     435 |     135 |  23.7
            +---------+---------+-------+---------+---------+-------
        D:1 |       4 |       0 |   0.0 |       1 |       0 |   0.0
        D:2 |      11 |     111 |  91.0 |       7 |      14 |  66.7
        D:3 |     118 |     256 |  68.4 |      33 |       2 |   5.7
        D:4 |     391 |     658 |  62.7 |      16 |       4 |  20.0
        D:5 |     724 |     181 |  20.0 |      18 |       2 |  10.0
        D:6 |    1457 |       0 |   0.0 |      35 |       0 |   0.0
        D:7 |    1385 |    1426 |  50.7 |      28 |       6 |  17.6
        D:8 |    1709 |    2092 |  55.0 |      49 |       9 |  15.5
        D:9 |      76 |       8 |   9.5 |       2 |       4 |  66.7
       D:10 |    2167 |     664 |  23.5 |      50 |      10 |  16.7
       D:11 |    7215 |     707 |   8.9 |      55 |       1 |   1.8
       D:12 |    7916 |       0 |   0.0 |      33 |       0 |   0.0
       D:13 |    6442 |    5874 |  47.7 |      31 |       9 |  22.5
      Orc:1 |    1293 |       0 |   0.0 |      25 |       0 |   0.0
      Orc:2 |    5615 |    4164 |  42.6 |      52 |      38 |  42.2
      Sewer |       0 |     112 | 100.0 |       0 |      25 | 100.0
     Bailey |       0 |    6260 | 100.0 |       0 |      11 | 100.0
            +---------+---------+-------+---------+---------+-------
